 Dungeon Crawl Stone Soup version 0.15-a0-1766-g0ee8742 (webtiles) character file.

39 Nikss the Grave Robber (level 3, -1/25 HPs)
             Began as a Mummy Necromancer on June 28, 2014.
             Slain by Sigmund
             ... wielding a +0 scythe
              (12 damage)
             ... on Level 2 of the Dungeon.
             The game lasted 00:18:05 (3641 turns).

Nikss the Grave Robber (Mummy Necromancer)          Turns: 3641, Time: 00:18:05

HP  -1/25        AC  7     Str 11      XL: 3   Next: 28%
MP   6/6         EV  7     Int 14      God:
Gold 49          SH  0     Dex 13      Spells:  2 memorised,  4 levels left

rFire  x . .     SeeInvis .     s - +2 dagger (venom)
rCold  + . .     Clarity  .     i - +0 scale mail
rNeg   + + +     rCorr    .     (no shield)
rPois  +         rRot     +     d - +0 helmet
rElec  .         Spirit   .     (no cloak)
SustAb .         Warding  .     (no gloves)
rMut   .         Stasis   .     (no boots)
Gourm  .                        (no amulet)
MR     .....                    (no ring)
                                o - ring of invisibility

@: not resistant to hostile enchantments, extremely unstealthy
A: no food or potions, fire vulnerability, restore body, cold resistance 1, life
protection 3, poison resistance, torment resistance, unbreathing
a: Evoke Invisibility


You were on level 2 of the Dungeon.
You were not hungry.

You visited 1 branch of the dungeon, and saw 2 of its levels.

You collected 49 gold pieces.

Inventory:

Hand weapons
 h - a +0 club
 j - a +0 sling
 p - a +0 dagger
 r - a +0 club
 s - a +2 dagger of venom (weapon)
 u - a +0 club
 v - a +0 club
 w - a +0 club
 A - a +0 club
Missiles
 f - 14 poisoned needles
 t - 29 stones (quivered)
 B - 20 arrows
Armour
 a - a +0 robe
 c - a +0 robe
 d - a +0 helmet (worn)
 i - a +0 scale mail (worn)
 x - a +0 plate armour
Scrolls
 e - a scroll of immolation {unknown}
 g - a scroll of amnesia {unknown}
 k - 2 scrolls of noise {unknown}
 l - a scroll of enchant weapon {unknown}
 m - a scroll of remove curse {unknown}
 n - a scroll of blinking {unknown}
 q - a scroll of enchant armour {unknown}
 y - 2 scrolls of identify {unknown}
 z - a scroll of fog {unknown}
Jewellery
 o - a ring of invisibility (left hand)
Books
 b - a book of Necromancy

   Spells                             Type                      Level
   *Pain                              Necromancy                   1
   *Animate Skeleton                  Necromancy                   1
   Vampiric Draining                  Necromancy                   3
   Regeneration                       Charms/Necromancy            3
   Animate Dead                       Necromancy                   4
   Control Undead                     Necromancy                   4


   Skills:
 + Level 0.4 Fighting
 + Level 0.8 Armour
 + Level 1.7 Dodging
 + Level 1.7 Stealth
 + Level 0.2 Unarmed Combat
 + Level 2.2 Spellcasting
 + Level 4.4 Necromancy


You had 4 spell levels left.
You knew the following spells:

 Your Spells              Type           Power        Failure   Level  Hunger
a - Pain                  Necr           ##..         34%         1    N/A
b - Animate Skeleton      Necr           N/A          34%         1    N/A

Dungeon Overview and Level Annotations

Branches:
Dungeon (2/15)

Altars:

Annotations:
D:2 Sigmund


Innate Abilities, Weirdness & Mutations

You do not eat or drink.
Your flesh is vulnerable to fire.
Your flesh is cold resistant.
You are immune to negative energy.
Your system is resistant to poisons.
You are immune to unholy pain and torment.
You can survive without breathing.


Message History

You swap places.
Your goblin skeleton closely misses Sigmund.
Sigmund casts a spell.
Sigmund flickers and vanishes!
Deactivating autopickup; reactivate with Ctrl-A.
Autopickup is now on.
You swap places.
Something hits you.
Deactivating autopickup; reactivate with Ctrl-A.
You hit something.
You hear some strange, mumbled words.
The magic dart hits you!
Your goblin skeleton hits something.
You hit something.
You hear some strange, mumbled words.
Something tries to affect you, but you resist.
Your goblin skeleton barely misses something.
You miss something. Something hits you but does no damage.
You hit something but do no damage.
Your goblin skeleton closely misses something.
Something hits you!
You die...

######### #...@...#
#.###.....
#.###############
#..........Z.@Z.#
##############.##
..........#
#########....###..#
###
.%......#.##.#....#...
#######.#.#.....#.#!#
#.%...#.#.........#
##.#####.#.##..#.#.#
#................#...


You could see a friendly adder skeleton and a friendly goblin skeleton.

Vanquished Creatures
  An adder (D:2)
  A giant gecko (D:1)
  2 giant cockroaches (D:1)
  2 hobgoblins (D:1)
  A jackal (D:1)
  4 bats
  3 goblins (D:1)
  5 rats
19 creatures vanquished.

Vanquished Creatures (collateral kills)
  2 giant cockroaches (D:1)
  A jackal (D:1)
  A kobold (D:1)
  2 bats (D:1)
  A giant newt (D:1)
  6 goblins
  2 rats (D:1)
15 creatures vanquished.

Vanquished Creatures (others)
  3 bat skeletons
  2 goblin skeletons (D:1)
  2 hobgoblin skeletons (D:1)
  A kobold skeleton (D:1)
  A rat skeleton (D:1)
9 creatures vanquished.

Grand Total: 43 creatures vanquished

Notes
Turn   | Place    | Note
--------------------------------------------------------------
     0 | D:1      | Nikss, the Mummy Necromancer, began the quest for the Orb.
     0 | D:1      | Reached XP level 1. HP: 13/13 MP: 3/3
    20 | D:1      | Learned a level 1 spell: Animate Skeleton
   277 | D:1      | Reached XP level 2. HP: 17/19 MP: 2/4
  3548 | D:2      | Reached XP level 3. HP: 16/25 MP: 1/6
  3617 | D:2      | Noticed Sigmund
  3641 | D:2      | Slain by Sigmund

Action                   || total
-------------------------++-------
Melee: Unarmed           ||    39
       Dagger            ||    26
 Cast: Pain              ||    15
       Animate Skeleton  ||    12
